 Dungeon Crawl Stone Soup version 0.23.1 (webtiles) character file.

Game seed: 15663899913778389481

1418 Kairos the Chopper (level 8, -3/42 HPs)
             Began as a Vine Stalker Fighter on Mar 10, 2019.
             Was a Priest of Okawaru.
             Slain by a centaur skeleton (4 damage)
             ... on level 6 of the Dungeon.
             The game lasted 00:05:07 (3363 turns).

Kairos the Chopper (Vine Stalker Fighter)           Turns: 3363, Time: 00:05:08

Health: -3/42      AC: 11    Str: 20    XL:     8   Next: 71%
Magic:  0/9        EV:  9    Int:  8    God:    Okawaru [***...]
Gold:   284        SH: 11    Dex: 15    Spells: 7/7 levels left

rFire    . . .     SeeInvis .   a - +0 war axe
rCold    + . .     Gourm    .   c - +1 shield
rNeg     . . .     Faith    .   b - +0 scale mail
rPois    .         Spirit   +   (no helmet)
rElec    .         Reflect  .   t - +0 cloak
rCorr    .         Harm     .   (no gloves)
MR       +....     Clarity  +   o - +2 pair of boots {Fly}
Stlth    ..........             (no amulet)
HPRegen  0.54/turn              (no ring)
MPRegen  0.11/turn              (no ring)

@: flying
A: fangs 3, clarity, cold resistance 1, regeneration 1, magic shield, antimagic
bite, no potion heal 3, rot immunity
a: Heroism, Renounce Religion, Stop Flying


You were on level 6 of the Dungeon.
You worshipped Okawaru.
Okawaru was most pleased with you.
You were not hungry.

You visited 1 branch of the dungeon, and saw 6 of its levels.

You collected 284 gold pieces.

Inventory:

Hand Weapons
 a - a +0 war axe (weapon)
 w - a +0 mace of protection
 x - a +0 whip of flaming
 D - the +3 short sword "Banisher" {flame, Fragile MR+ Str+4, unknown}
   (You found it on level 5 of the Dungeon)

   It has been specially enchanted to burn those struck by it, causing extra
   injury to most foes and up to half again as much damage against particularly
   susceptible opponents.
   It affects your strength (+4).
   It affects your resistance to hostile enchantments.
   It will be destroyed if unequipped.
 E - a +1 flail of protection
Missiles
 k - a throwing net (quivered)
 z - 5 tomahawks
Armour
 b - a +0 scale mail (worn)
 c - a +1 shield (worn)
 o - a +2 pair of boots of flying (worn)
 t - a +0 cloak (worn)
Wands
 n - a wand of polymorph (21)
 A - a wand of iceblast (7)
Scrolls
 e - a scroll of immolation
 g - 3 scrolls of teleportation
 h - 3 scrolls of magic mapping
 i - a scroll of enchant armour
 j - a scroll of fog {unknown}
 l - 3 scrolls of blinking {unknown}
 m - 4 scrolls of remove curse {unknown}
 p - 2 scrolls of fear {unknown}
 s - 3 scrolls of amnesia {unknown}
 y - a scroll of noise {unknown}
 B - a scroll of brand weapon {unknown}
 H - a scroll of silence {unknown}
Potions
 d - a potion of might
 q - 3 potions of mutation
 r - 4 potions of brilliance {unknown}
 u - 2 potions of magic
 v - a potion of degeneration {unknown}
 C - a potion of ambrosia {unknown}
 G - a potion of lignification {unknown}
Comestibles
 f - 11 rations
 F - 2 chunks of flesh


   Skills:
 + Level 4.1 Fighting
 + Level 6.1 Axes
 + Level 4.4 Armour
 + Level 2.1 Dodging
 + Level 0.8 Stealth
 + Level 5.3 Shields


You had 7 spell levels left.
You didn't know any spells.
Your spell library was empty.

Dungeon Overview and Level Annotations

Branches:
Dungeon (6/15)             Temple (0/1) D:4

Altars:
Ashenzari
Cheibriados
Gozag
Hepliaklqana
Nemelex Xobeh
Okawaru
Vehumet
Yredelemnul
Zin


Innate Abilities, Weirdness & Mutations

You have razor-sharp teeth.
Your natural rate of healing is unusually fast.
When hurt, damage is shared between your health and your magic reserves.
Your bite disrupts and absorbs the magic of your enemies.
Potions cannot restore your health.
You are immune to rotting.
You possess an exceptional clarity of mind.
Your flesh is cold resistant. (rC+)


Message History

The bullfrog is almost dead.
You hit the ogre. The bullfrog hits you.
The bullfrog hits you but does no damage.
The ogre hits you with a +0 giant spiked club!!
Your shield and scale mail prevent you from hitting the bullfrog.
The bullfrog is almost dead.
You hit the ogre. The bullfrog hits you. You block the bullfrog's attack.
You slash the bullfrog!
You kill the bullfrog!
Okawaru accepts your kill.
You hit the ogre.
The ogre hits you with a +0 giant spiked club!!
Ouch! That really hurt!
* * * LOW HITPOINT WARNING * * *
The centaur skeleton hits you.
* * * LOW HITPOINT WARNING * * *
There are monsters nearby!
Unknown command.
The centaur skeleton hits you.
You die...

#..#.....
.###.....##....... ...
...... #....... .. .
..##.# ..#....... .. ..
..# #.##.....# .# ...
..## #..#.....##l#....
...#. .................
..... #......Z.......
...... ##.....@O†..#
.........#......##....#
..#......##.....# #...#
................## #..#
............###..# ..##
........... ###.#...#
..........# ##.#...#
...#......###......#
..####.............#


You could see an ogre, an iguana and a centaur skeleton.

Vanquished Creatures
  Pikel (D:4)
  Menkaure (D:4)
  An ice beast (D:5)
  A necrophage (D:4)
  2 centaurs (D:5)
  A bullfrog (D:6)
  3 hounds
  A bullfrog skeleton (D:6)
  4 orc wizards
  Terence (D:3)
  2 worker ants (D:5)
  Robin (D:4)
  4 adders
  A shadow imp (D:5)
  2 adder skeletons
  3 worms
  A dart slug (D:1)
  7 leopard geckos
  13 orcs
  2 giant cockroaches
  13 goblins
  5 hobgoblins
  6 jackals
  A quokka (D:5)
  A ball python (D:1)
  6 bats
  3 frilled lizards
  5 kobolds
  4 rats
96 creatures vanquished.

Vanquished Creatures (others)
  A worker ant (D:4)
  A giant cockroach (D:4)
2 creatures vanquished.

Grand Total: 98 creatures vanquished

Notes
Turn   | Place    | Note
-------+----------+-------------------------------------------
     0 | D:1      | Kairos the Vine Stalker Fighter began the quest for the
                  | Orb.
     0 | D:1      | Reached XP level 1. HP: 11/11 MP: 2/2
    96 | D:1      | Reached skill level 2 in Axes
   115 | D:1      | Reached XP level 2. HP: 12/16 MP: 3/3
   498 | D:1      | Reached XP level 3. HP: 15/19 MP: 4/4
   619 | D:1      | Gained mutation: You possess an exceptional clarity of
                  | mind. [potion of mutation]
   619 | D:1      | Gained mutation: Your flesh is cold resistant. (rC+)
                  | [potion of mutation]
   966 | D:2      | Found a hazy altar of Hepliaklqana.
   969 | D:2      | Found a sparkling altar of Nemelex Xobeh.
   991 | D:2      | Found a shattered altar of Ashenzari.
   991 | D:2      | Found an iron altar of Okawaru.
   994 | D:2      | Found a basalt altar of Yredelemnul.
  1084 | D:2      | Became a worshipper of Warmaster Okawaru
  1343 | D:3      | Found a snail-covered altar of Cheibriados.
  1446 | D:3      | Noticed Terence
  1461 | D:3      | Killed Terence
  1461 | D:3      | Gained mutation: Your natural rate of healing is unusually
                  | fast. [Vine Stalker growth]
  1461 | D:3      | Reached XP level 4. HP: 15/24 MP: 5/5
  1550 | D:3      | Found a faded altar of an unknown god.
  1655 | D:3      | Reached skill level 3 in Axes
  1685 | D:4      | Noticed Robin
  1688 | D:4      | Killed Robin
  1730 | D:4      | Reached XP level 5. HP: 19/28 MP: 2/6
  1802 | D:3      | Reached * piety under Okawaru
  1802 | D:3      | Reached skill level 1 in Dodging
  1891 | D:4      | Noticed Menkaure
  1896 | D:4      | Killed Menkaure
  1896 | D:4      | Reached XP level 6. HP: 22/32 MP: 7/7
  1951 | D:4      | Noticed Pikel
  1951 | D:4      | Noticed a slave
  1951 | D:4      | Noticed a slave
  1953 | D:4      | Noticed a slave
  1955 | D:4      | Noticed a slave
  1984 | D:4      | Killed Pikel
  1984 | D:4      | Reached ** piety under Okawaru
  1984 | D:4      | Reached skill level 4 in Axes
  1984 | D:4      | Reached XP level 7. HP: 24/37 MP: 4/8
  2122 | D:4      | Gained mutation: You have razor-sharp teeth. [Vine Stalker
                  | growth]
  2122 | D:4      | Reached XP level 8. HP: 42/42 MP: 9/9
  2392 | D:4      | Found a staircase to the Ecumenical Temple.
  2579 | D:5      | Entered Level 5 of the Dungeon
  2610 | D:5      | Reached skill level 5 in Axes
  2641 | D:5      | Found an opulent altar of Gozag.
  2901 | D:5      | Found a radiant altar of Vehumet.
  3027 | D:5      | Reached *** piety under Okawaru
  3027 | D:5      | Reached skill level 5 in Shields
  3092 | D:5      | Found a glowing silver altar of Zin.
  3135 | D:5      | Got an encrusted short sword
  3327 | D:6      | Reached skill level 6 in Axes
  3362 | D:6      | HP: 1/42 [centaur skeleton (2)]
  3363 | D:6      | Slain by a centaur skeleton

Skill      XL: |  1  2  3  4  5  6  7  8 |
---------------+-------------------------+-----
Axes           | 2 3 4 6 |  6.1
Fighting       | 3 4 |  4.1
Shields        | 3 4 5 |  5.3
Armour         | 3 4 |  4.4
Dodging        | 1 2 |  2.1
Stealth        | |  0.8

Action                   |  1- 3 |  4- 6 |  7- 9 || total
-------------------------+-------+-------+-------++-------
Melee: War axe           |    93 |   121 |   113 ||   327
       Bite              |    24 |    33 |    36 ||    93
  Use: Scroll            |     2 |       |     3 ||     5
       Potion            |     2 |       |       ||     2
  Eat: Chunk             |     1 |     2 |     6 ||     9
Armor: Scale mail        |    43 |    71 |    58 ||   172
Dodge: Dodged            |    26 |    51 |    55 ||   132
Block: Shield            |    41 |    74 |    75 ||   190
